 Dungeon Crawl Stone Soup version 0.29.0-5-ge4962eb29e (webtiles) character file.

Game seed: 18129728008541251216

5724 ProzacElf the Carver (level 10, -43/59 HPs)
             Began as a Tengu Cinder Acolyte on Aug 29, 2022.
             Was a High Priest of Ignis.
             Annihilated by a titanic slime creature (94 damage)
             ... on level 10 of the Dungeon.
             The game lasted 00:22:53 (8635 turns).

ProzacElf the Carver (Tengu Cinder Acolyte)         Turns: 8635, Time: 00:22:53

Health: -43/59     AC: 11    Str: 28    XL:     10   Next: 77%
Magic:  12/12      EV: 20    Int: 17    God:    Ignis [*****.]
Gold:   306        SH:  0    Dex: 19    Spells: 9/11 levels left

rFire   + . .      SeeInvis .   b - +11 dagger "Moqixam" {vorpal, *Corrode Str+6 Dex+3}
rCold   + + .      Faith    .   (no shield)
rNeg    . . .      Spirit   .   n - +0 ring mail
rPois   +          Reflect  .   (helmet restricted)
rElec   .          Harm     .   e - +1 cloak of Starlight {*Dazzle EV+4 Stlth--}
rCorr   .          Rampage  .   u - +2 pair of gloves
Will    .....                   (boots unavailable)
Stlth   ..........              A - amulet "Emnugaargh" {rC+ Regen+ Int+2 Dex+5}
HPRegen 0.99/turn               J - ring of poison resistance
MPRegen 0.13/turn               N - ring "Fonicsek" {rC+ Str+5}

@: flying quickly and evasively, quick
A: beak, talons 3, nimble flight
a: Renounce Religion, Fiery Armour, Foxfire Swarm, Rising Flame


You were on level 10 of the Dungeon.
You worshipped Ignis.
Ignis was extremely pleased with you.
You visited 2 branches of the dungeon, and saw 12 of its levels.

You collected 384 gold pieces.
You spent 78 gold pieces at shops.

Inventory:

Hand Weapons
 a - a -1 falchion of flaming
 b - the +11 dagger "Moqixam" (weapon) {vorpal, *Corrode Str+6 Dex+3}
   (You found it on level 5 of the Dungeon)

   It inflicts extra damage upon your enemies.
   Str:       It affects your strength (+6).
   Dex:       It affects your dexterity (+3).
   *Corrode:  It may corrode you when you take damage.
 i - a +0 falchion
 s - a +0 war axe
 B - a +2 spear of venom
 C - a +1 spear of flaming
 L - a +4 quarterstaff of chaos
 R - a +2 long sword of protection
Missiles
 p - 2 silver boomerangs
 G - 3 throwing nets
 S - 6 poisoned darts (quivered)
Armour
 c - a +0 leather armour
 e - the +1 cloak of Starlight (worn) {*Dazzle EV+4 Stlth--}
   (You acquired it on level 4 of the Dungeon)

   It may blind those who miss an attack against the wearer in melee combat.
   EV:        It affects your evasion (+4).
   Stlth:     It makes you much less stealthy.
 n - a +0 ring mail (worn)
 u - a +2 pair of gloves (worn)
 v - a +0 robe
Magical Staves
 Q - a staff of cold
Jewellery
 j - an amulet of reflection
 q - an amulet of the acrobat
 A - the amulet "Emnugaargh" (around neck) {rC+ Regen+ Int+2 Dex+5}
   (You acquired it on level 5 of the Dungeon)

   [amulet of regeneration]

   Int:       It affects your intelligence (+2).
   Dex:       It affects your dexterity (+5).
   rC:        It protects you from cold.
   Regen:     It increases your rate of health regeneration.
 J - a ring of poison resistance (left hand)
 N - the ring "Fonicsek" (right hand) {rC+ Str+5}
   (You found it on level 7 of the Dungeon)

   [ring of protection from cold]

   Str:       It affects your strength (+5).
   rC:        It protects you from cold.
 O - a ring of see invisible
Wands
 y - a wand of mindburst (31)
Scrolls
 f - 2 scrolls of enchant weapon {unknown}
 k - a scroll of fog
 l - 2 scrolls of enchant armour
 o - a scroll of silence {unknown}
 r - 4 scrolls of teleportation {unknown}
 w - 2 scrolls of vulnerability {unknown}
 E - a scroll of magic mapping {unknown}
 F - 2 scrolls of blinking {unknown}
 P - a scroll of immolation {unknown}
Potions
 d - a potion of heal wounds
 g - 2 potions of mutation
 h - 3 potions of resistance
 m - a potion of haste
 t - 3 potions of invisibility
 x - a potion of magic
 z - a potion of attraction
 D - a potion of might
 H - a potion of lignification
 I - a potion of curing
 K - 2 potions of brilliance {unknown}
 M - a potion of cancellation {unknown}


   Skills:
 - Level 5.0 Fighting
 - Level 12.0 Long Blades
 + Level 4.5 Armour
 - Level 5.0 Dodging
 - Level 1.0 Spellcasting
 + Level 6.9 Fire Magic
 - Level 7.0 Evocations


You had 9 spell levels left.
You knew the following spells:

 Your Spells              Type           Power      Damage    Failure   Level
a - Scorch                Fire           48%        2d7       2%          2

Your spell library contained the following spells:

 Spells                   Type           Power      Damage    Failure   Level
 Sandblast                Erth           0%         2d4       30%         1
 Summon Small Mammal      Summ           0%         N/A       30%         1
 Blink                    Tloc           0%         N/A       41%         2
 Passwall                 Tmut/Erth      0%         N/A       41%         2
 Sublimation of Blood     Necr           0%         N/A       41%         2
 Wereblood                Tmut           0%         N/A       41%         2
 Call Canine Familiar     Summ           0%         N/A       65%         3
 Confusing Touch          Hex            0%         N/A       65%         3
 Lesser Beckoning         Tloc           0%         N/A       65%         3
 Stone Arrow              Conj/Erth      0%         3d7       65%         3
 Summon Guardian Golem    Hex/Summ       0%         N/A       65%         3
 Summon Lightning Spire   Summ/Air       0%         N/A       96%         4
 Manifold Assault         Tloc           0%         N/A       100%        5
 Yara's Violent Unravell  Hex/Tmut       0%         3d3       100%        5
 Enfeeble                 Hex            0%         N/A       100%        7
 Storm Form               Tmut/Air       0%         N/A       100%        7
 Summon Hydra             Summ           0%         N/A       100%        7
 Maxwell's Capacitive Co  Air            0%         ∞         100%        8


Dungeon Overview and Level Annotations

Branches:
Dungeon (11/15)            Temple (1/1) D:6
   Lair: D:8-11         Orc: D:9-12

Altars:
Ashenzari
Cheibriados
Dithmenos
Elyvilon
Fedhas
Gozag
Hepliaklqana
Kikubaaqudgha
Makhleb
Nemelex Xobeh
Okawaru
Qazlal
Ru
Sif Muna
Trog
Uskayaw
Vehumet
Wu Jian
Xom
Yredelemnul
Zin

Shops:
D:5 *   D:7 **

Annotations:
D:3 Sigmund


Innate Abilities, Weirdness & Mutations

You have a beak for a mouth.
You have claws for feet.
Your magical nature lets you fly swiftly and evasively.


Message History

Tha slime creature be moderately wounded.
Ye puncture tha slime creature!
Ye claw tha slime creature.
Ye peck tha slime creature.
Tha slime creature be severely wounded.
Two slime creatures merge ta form a large slime creature.
Tha slime creature hits ye but does nay damage.
Ye puncture tha large slime creature!
Ye peck tha large slime creature!
Tha large slime creature be heavily wounded.
Two slime creatures merge ta form a very large slime creature.
Tha slime creature hits ye but does nay damage.
Ye hit tha very large slime creature.
Ye peck tha very large slime creature.
Tha very large slime creature be moderately wounded.
Ye puncture tha very large slime creature!
Tha very large slime creature be heavily wounded.
Tha slime creature closely misses ye.
Ye hit tha very large slime creature.
Tha very large slime creature be heavily wounded.
Two slime creatures merge ta form a titanic slime creature.
A gnoll comes inta view.
It be wieldin' a +0 flail.
Tha gnoll shouts!
Ye puncture tha titanic slime creature!
Ye claw tha titanic slime creature.
Tha titanic slime creature be moderately wounded.
Tha slime creature completely misses ye.
Ye puncture tha titanic slime creature!
Yer kick misses tha titanic slime creature.
Tha titanic slime creature be moderately wounded.
Tha gnoll misses ye.
Tha slime creature hits ye!
Ye take 7 damage, an' haf 49/59 hp.
Ye hit tha titanic slime creature.
Tha titanic slime creature be moderately wounded.
Ye hit tha titanic slime creature.
Ye peck tha titanic slime creature.
Tha titanic slime creature be heavily wounded.
Tha titanic slime creature misses ye.
Tha gnoll closely misses ye.
Tha slime creature misses ye.
Ye puncture tha titanic slime creature!
Ye claw tha titanic slime creature.
Ye peck tha titanic slime creature, but do nay damage.
Tha titanic slime creature be heavily wounded.
Tha titanic slime creature hits ye!!!!
Ouch! Tha re'lly hurt!
Ye die...

#. .. ##.#
#.. #.|. ..
#..# .. #>.#
.# #..# g#
#..###J#####
#...)@J....#
#..###)###.#
####..# .#
#.....# .#
#.###.# g# #
#.# .# #†#
.. #.# ##
#†# #


You could see a titanic slime creature, a slime creature and 2 gnolls.

Vanquished Creatures
  Joseph (D:7)
  Grinder (D:6)
  Prince Ribbit (D:6)
  6 yaks (D:6)
  A wyvern (D:8)
  Duvessa (D:6)
  2 water moccasins
  5 ice beasts
  An ogre (D:5)
  3 centaurs
  A phantom (D:6)
  A kobold brigand (D:6)
  2 bullfrogs (D:6)
  2 necrophages
  3 gnoll sergeants
  6 scorpions
  13 wights
  Dowan (D:6)
  6 killer bees
  2 howler monkeys (D:7)
  A lava snake (D:8)
  A jelly (D:5)
  4 hounds
  3 orc priests
  A gnoll bouda (D:5)
  Crazy Yiuf (D:6)
  Natasha (thrice) (D:3)
  Terence (D:3)
  3 iguanas
  3 orc wizards
  Robin (D:3)
  21 gnolls
  3 adders (D:3)
  2 river rats (D:3)
  3 shadow imps
  A worm (D:2)
  4 dart slugs
  10 orcs
  2 endoplasms
  4 giant cockroaches
  13 goblins
  8 hobgoblins
  7 jackals
  2 quokkas
  5 ball pythons
  4 bats
  2 frilled lizards
  6 kobolds
  4 rats (D:3)
182 creatures vanquished.

Notes
Turn   | Place    | Note
-------+----------+-------------------------------------------
     0 | D:1      | ProzacElf the Tengu Cinder Acolyte began the quest for the
                  | Orb.
     0 | D:1      | Reached XP level 1. HP: 14/14 MP: 3/3
   145 | D:1      | Reached XP level 2. HP: 8/19 MP: 4/4
  1350 | D:2      | Reached XP level 3. HP: 23/23 MP: 5/5
  1354 | D:2      | Reached skill level 4 in Long Blades
  1925 | D:3      | Noticed Natasha
  1931 | D:3      | Killed Natasha
  1932 | D:3      | Reached XP level 4. HP: 18/28 MP: 6/6
  2022 | D:3      | Noticed Natasha
  2025 | D:3      | Killed Natasha
  2025 | D:3      | Noticed Terence
  2037 | D:3      | Noticed Natasha
  2056 | D:3      | Noticed Robin
  2184 | D:3      | Killed Robin
  2185 | D:3      | Gained mutation: Your magical nature lets you fly swiftly
                  | and evasively. [Tengu growth]
  2185 | D:3      | Reached XP level 5. HP: 13/32 MP: 7/7
  2267 | D:3      | Killed Natasha
  2268 | D:3      | Reached skill level 5 in Long Blades
  2268 | D:3      | Reached skill level 5 in Fire Magic
  2564 | D:3      | Killed Terence
  2703 | D:3      | Reached skill level 1 in Dodging
  2729 | D:3      | Noticed Sigmund
  3014 | D:3      | Noticed an ice beast
  3023 | D:3      | HP: 1/32 [ice beast (8)]
  3539 | D:4      | Found a shimmering altar of Xom.
  3559 | D:4      | Found a white marble altar of Elyvilon.
  3597 | D:4      | Reached XP level 6. HP: 31/37 MP: 8/8
  3653 | D:4      | Identified a scroll of acquirement
  3677 | D:4      | Reached skill level 6 in Long Blades
  3820 | D:4      | Acquired the +1 cloak of Starlight {*Dazzle EV+4 Stlth--}
  3820 | D:4      | Found the +1 cloak of Starlight {*Dazzle EV+4 Stlth--}
  4704 | D:5      | Entered Level 5 of the Dungeon
  4763 | D:5      | Reached XP level 7. HP: 35/41 MP: 9/9
  5073 | D:4      | Reached skill level 7 in Long Blades
  5146 | D:5      | Acquired the amulet "Emnugaargh" {rC+ Regen+ Int+2 Dex+5}
  5240 | D:5      | Reached skill level 5 in Dodging
  5246 | D:5      | Identified the +11 dagger "Moqixam" {vorpal, *Corrode Str+6
                  | Dex+3}
  5305 | D:5      | Reached skill level 8 in Long Blades
  5305 | D:5      | Reached XP level 8. HP: 46/46 MP: 10/10
  5372 | D:5      | Reached skill level 9 in Long Blades
  5424 | D:5      | Found Optebegu's Assorted Antiques.
  5435 | D:5      | Bought a scroll labelled WODECK XINGE for 26 gold pieces
  5435 | D:5      | Bought a scroll of identify for 52 gold pieces
  5526 | D:6      | Reached skill level 10 in Long Blades
  5644 | D:6      | HP: 2/46 [poisoned by a gnoll sergeant]
  5712 | D:6      | Reached XP level 9. HP: 44/50 MP: 11/11
  5810 | D:6      | Noticed Duvessa
  5810 | D:6      | Noticed Dowan
  5819 | D:6      | Reached skill level 11 in Long Blades
  5825 | D:6      | Killed Dowan
  5831 | D:6      | Killed Duvessa
  5964 | D:6      | Found a staircase to the Ecumenical Temple.
  5980 | Temple   | Entered the Ecumenical Temple
  6243 | D:6      | Noticed Grinder
  6263 | D:6      | Paralysed by Grinder for 5 turns
  6442 | D:6      | Paralysed by Grinder for 3 turns
  6451 | D:6      | Killed Grinder
  6452 | D:6      | Reached skill level 12 in Long Blades
  6452 | D:6      | Reached skill level 1 in Evocations
  6509 | D:6      | Found a runed translucent door.
  6510 | D:6      | Noticed Crazy Yiuf
  6520 | D:6      | Killed Crazy Yiuf
  6709 | D:6      | Reached skill level 5 in Fighting
  6725 | D:6      | Reached skill level 5 in Evocations
  6725 | D:6      | Reached XP level 10. HP: 56/59 MP: 12/12
  6746 | D:6      | Noticed Prince Ribbit
  6759 | D:6      | Killed Prince Ribbit
  7092 | D:7      | Found Jyzxeleq's General Store.
  7095 | D:7      | Found Vecatz's Specific Store.
  7340 | D:7      | Identified the ring "Fonicsek" {rC+ Str+5}
  7375 | D:7      | Reached skill level 1 in Armour
  7693 | D:7      | Noticed Joseph
  7714 | D:7      | Killed Joseph
  7969 | D:8      | Learned a level 2 spell: Scorch
  7974 | D:8      | Found a hide-covered altar of Uskayaw.
  8256 | D:8      | Found a sparkling altar of Nemelex Xobeh.
  8256 | D:8      | Found a broken altar of Ashenzari.
  8303 | D:8      | You are sucked into a shaft and drop 3 floors!
  8307 | D:10     | Entered Level 10 of the Dungeon
  8635 | D:10     | Annihilated by a titanic slime creature

Illustrated notes

Levels and vault maps discovered:
D:1:      matt_arrival_diagonals, layout_loops_ring, chequers_mini_garden
D:2:      layout_loops_ring, serial_park_tiny_pond, minmay_misc_feat_room
D:3:      layout_basic, portal_sewer_entry_b, uniq_natasha, uniq_sigmund,
          uniq_robin, uniq_terence
D:4:      layout_basic, lemuel_tele_altar, mainiacjoe_overflow_paths,
          minmay_misc_feat_four_crosses
D:5:      layout_rooms, serial_shops, shop_statue
D:6:      layout_loops_cross, minmay_temple_entry_fiery, skrybe_limestone_x,
          minmay_misc_feat_tower, serial_bayou_pond_d, uniq_crazy_yiuf_cottage,
          uniq_grinder, uniq_duvessa, uniq_prince_ribbit1
D:7:      lemuel_ice_spiral_2, layout_basic, nicolae_specific_store, uniq_joseph
D:8:      layout_basic, jmf_multi_god_temple, nicolae_uskayaw_suspiria,
          david_lair_shrubbed, abandoned_shop, hangedman_ranch, uniq_erica
D:9:      layout_roguey, serial_park_tiny_1, lemuel_flamethrower_1
D:10:     layout_loops_ring, nicolae_tso_swordbearing_angel
D:11:     layout_cave_pools, tgw_trog
Temple:   eino_temple_scatter_basement

Skill      XL: |  1  2  3  4  5  6  7  8  9 10 |
---------------+-------------------------------+-----
Long Blades    | 4 5 6 8 10 12 | 12.0
Fire Magic     | 4 5 6 |  6.9
Dodging        | 1 3 5 |  5.0
Evocations     | 5 7 |  7.0
Fighting       | 5 |  5.0
Armour         | 4 |  4.5
Spellcasting   | |  1.0

Action                   |  1- 3 |  4- 6 |  7- 9 | 10-12 || total
-------------------------+-------+-------+-------+-------++-------
Melee: Falchion          |    70 |   146 |   178 |       ||   394
       Kick              |    17 |    44 |    83 |    37 ||   181
       Peck              |     9 |    22 |    57 |    41 ||   129
       Punch             |       |     1 |     4 |     2 ||     7
       Spear             |       |       |     2 |       ||     2
       Dagger            |       |       |    98 |   156 ||   254
Throw: Boomerang         |       |       |     3 |       ||     3
  Use: Scroll            |       |     8 |     7 |       ||    15
       Potion            |       |     1 |     1 |       ||     2
 Stab: Invisible         |       |       |    11 |     3 ||    14
Armor: Leather armour    |    16 |       |       |       ||    16
       Ring mail         |     2 |    47 |    52 |    21 ||   122
Dodge: Dodged            |    40 |    82 |   180 |   106 ||   408
Block: Other             |       |     3 |    12 |       ||    15
